AoeStats
← Chris Becker

Arena

509124556Analyzed
4v4 RM · 8d ago on Sep 25, 2026· 44m 58s· 8 players
Game mode
Random Map
Map size
Large (8 player)
Population
200
Speed
Normal
Resources
Standard
Victory
Conquest
Starting age
Dark Age
Ending age
Imperial Age
RankedLock teamsTeams togetherTeam positionsShared explorationLock speedFull tech treeHidden civsTurbo modeCheats
Victory
Defeat
1558
+12
1557
+12
🇱🇻 Sicilians · Latvia
1521
+13
🇩🇪 Teutons · Germany
1491
+15
🇨🇳 Spanish · China
1533
-15
🇨🇳 Turks · China
1486
-14
🇨🇳 Malians · China
1481
-14
🇨🇳 Italians · China
1348
-9
Chris Becker
11:43 Feudal Age
16:01 Castle Age
14:06 Double-Bit Axe
14:24 Horse Collar
17:22 Bow Saw
21:28 Wheelbarrow
22:30 Heavy Plow
24:38 Loom
25:52 Scale Barding Armor
25:57 Forging
26:23 Bloodlines
28:15 Gold Mining
32:00 Imperial Age
30:08 Hand Cart
30:36 Chain Barding Armor
30:51 Iron Casting
31:17 Fletching
31:28 Padded Archer Armor
31:21 Elite Skirmisher
32:24 Bodkin Arrow
33:02 Leather Archer Armor
Zuvubii
5:22 Loom
8:25 Feudal Age
10:25 Double-Bit Axe
15:09 Horse Collar
21:12 Castle Age
26:01 Fletching
冲车撞不开她心墙
4:52 Double-Bit Axe
6:45 Horse Collar
11:02 Feudal Age
14:53 Castle Age
13:12 Heavy Plow
13:43 Bow Saw
20:21 Wheelbarrow
22:24 Two-Man Saw
22:19 Coinage
24:19 Gold Mining
24:23 Stone Mining
25:26 Hand Cart
26:27 Gold Shaft Mining
26:42 Stone Shaft Mining
31:59 Loom
39:20 Crop Rotation
39:17 Burgundian Vineyards
46:35 Imperial Age
44:55 Fletching
45:40 Scale Barding Armor
45:46 Forging
弩炮射不穿她的心
10:57 Feudal Age
14:39 Castle Age
13:09 Double-Bit Axe
26:22 Imperial Age
25:43 Fletching
25:53 Padded Archer Armor
26:09 Thumb Ring
25:59 Loom
26:49 Ballistics
26:45 Heavy Cavalry Archer
27:51 Parthian Tactics
28:01 Bodkin Arrow
28:22 Leather Archer Armor
29:12 Conscription
30:03 Bracer
31:06 Ring Archer Armor
32:15 Bloodlines
32:05 Husbandry
33:38 Scale Barding Armor
33:44 Forging
34:19 Sipahi
36:05 Chain Barding Armor
36:22 Iron Casting
37:46 Plate Barding Armor
39:09 Wheelbarrow
38:19 Town Watch
时尚
10:17 Feudal Age
10:32 Loom
14:19 Castle Age
15:18 Fletching
15:32 Double-Bit Axe
20:38 Bodkin Arrow
21:10 Padded Archer Armor
21:35 Bow Saw
24:53 Wheelbarrow
23:59 Horse Collar
24:17 Gold Mining
25:16 Ballistics
25:37 Leather Archer Armor
27:26 Stone Mining
33:37 Imperial Age
31:41 Thumb Ring
33:31 Stone Shaft Mining
34:21 Bracer
35:39 Chemistry
36:04 Ring Archer Armor
36:17 Conscription
36:31 Treadmill Crane
39:48 Elite Genoese Crossbowman
乌西迪西
11:11 Feudal Age
12:52 Feudal Age
13:48 Double-Bit Axe
13:47 Horse Collar
16:24 Castle Age
15:57 Gold Mining
17:27 Padded Archer Armor
24:15 Leather Archer Armor
27:36 Bloodlines
27:26 Husbandry
28:41 Wheelbarrow
31:00 Stone Mining
36:05 Heavy Plow
37:39 Inquisition
38:59 Bow Saw
abc963852741
12:12 Feudal Age
13:24 Double-Bit Axe
16:06 Castle Age
20:14 Imperial Age
19:01 Bow Saw
20:06 Fletching
21:30 Gold Mining
23:11 Bodkin Arrow
26:54 Bracer
29:19 Padded Archer Armor
33:29 Ballistics
40:29 Guard Tower
42:06 Wheelbarrow
小吉弟弟
11:34 Feudal Age
12:23 Double-Bit Axe
12:21 Horse Collar
15:29 Castle Age
15:11 Forging
17:05 Fletching
20:39 Bodkin Arrow
31:52 Wheelbarrow
Connection lost

Rejoining the realm…

Still unreachable

The connection could not be restored.

Session expired

The server has moved on; the page needs a fresh start.